 Dungeon Crawl Stone Soup version 0.30-a0-557-ge2afbf3030 (webtiles) character file.

Game seed: 12154023753812769219

163 greasedhog the Trooper (level 5, 0/29 HPs)
             Began as a Vine Stalker Fighter on Dec 28, 2022.
             Slain by bmack86's ghost (11 damage)
             ... on level 4 of the Dungeon.
             The game lasted 00:05:07 (3208 turns).

greasedhog the Trooper (Vine Stalker Fighter)       Turns: 3208, Time: 00:05:07

Health: 0/29       AC:  7    Str: 18    XL:     5   Next: 44%
Magic:  0/6        EV: 10    Int:  8    God:
Gold:   304        SH:  5    Dex: 16    Spells: 4/4 levels left

rFire   . . .      SeeInvis .    a - +0 rapier
rCold   . . .      Faith    .    c - +0 buckler
rNeg    . . .      Spirit   +    j - +0 ring mail
rPois   .          Reflect  .    (no helmet)
rElec   .          Harm     .    (no cloak)
rCorr   .          Rampage  .    h - +1 pair of gloves
Will    .....                    (no boots)
Stlth   ++                       (no amulet)
HPRegen 1.04/turn                (no ring)
MPRegen 0.10/turn                (no ring)

@: mighty
A: fangs 2, regeneration 1, magic shield, antimagic bite, no potion heal 2
a: no special abilities


You were on level 4 of the Dungeon.
You visited 1 branch of the dungeon, and saw 4 of its levels.

You collected 334 gold pieces.
You spent 30 gold pieces at shops.

Inventory:

Hand Weapons
 a - a +0 rapier (weapon)
Armour
 c - a +0 buckler (worn)
 h - a +1 pair of gloves (worn)
 j - a +0 ring mail (worn)
Jewellery
 b - an amulet of magic regeneration
 n - the ring "Suqa" {rF- rN++ Int+6}
   (You found it on level 3 of the Dungeon)

   [ring of intelligence]

   Int:       It affects your intelligence (+6).
   rF:        It makes you vulnerable to fire.
   rN:        It greatly protects you from negative energy.
 r - a ring of flight
Wands
 e - a wand of paralysis (7)
Scrolls
 i - a scroll of amnesia
 o - a scroll of teleportation
 t - a scroll of poison
 v - a scroll of vulnerability {unknown}
Potions
 d - 2 potions of might
 f - a potion of cancellation
 g - a potion of flight
 k - 3 potions of curing
 l - a potion of degeneration {unknown}
 m - 2 potions of lignification {unknown}
 p - 2 potions of ambrosia {unknown}
 q - 2 potions of mutation {unknown}
 s - a potion of attraction {unknown}
 u - a potion of haste {unknown}


   Skills:
 * Level 3.8 Fighting
 * Level 3.1 Short Blades
 - Level 2.4 Armour
 * Level 3.6 Stealth
 - Level 2.6 Shields


You had 4 spell levels left.
You didn't know any spells.
Your spell library contained the following spells:

 Spells                   Type           Power      Damage    Failure   Level
 Sting                    Tmut/Pois      0%         1d3       71%         1
 Poisonous Vapours        Pois/Air       0%         N/A       83%         2
 Call Canine Familiar     Summ           0%         N/A       97%         3
 Ozocubu's Armour         Ice            0%         N/A       97%         3
 Portal Projectile        Hex/Tloc       0%         N/A       97%         3
 Leda's Liquefaction      Hex/Erth       0%         N/A       100%        4
 Olgreb's Toxic Radiance  Pois           0%         N/A       100%        4
 Metabolic Englaciation   Hex/Ice        0%         N/A       100%        5
 Simulacrum               Ice/Necr       0%         N/A       100%        6


Dungeon Overview and Level Annotations

Branches:
Dungeon (4/15)
 Temple: D:4-7

Altars:

Shops:
D:1 !

Annotations:
D:3 2 runed translucent doors, FakeRyeBread's ghost, amateur GrEE
D:4 bmack86's ghost, amateur MiFi


Innate Abilities, Weirdness & Mutations

You have extremely sharp teeth.
Your natural rate of healing is unusually fast.
When hurt, damage is shared between your health and your magic reserves.
Your bite disrupts and absorbs the magic of your enemies.
Potions cannot restore your health.


Message History

You see here a quokka skeleton.
You see here a +0 club.
You see here a quokka skeleton.
Key pressed, stopping explore.
Could not explore, unopened runed door.
Could not explore, unopened runed door.
Could not explore, unopened runed door.
You open the door.
Bmack86's ghost shrieks, "You must not fail where I succeeded!"
There is an open translucent door here.
You enter the shallow water.
Moving in this stuff is going to be slow.
Bmack86's ghost hits you.
Bmack86's ghost attacks as you move away!
Bmack86's ghost hits you but does no damage.
Bmack86's ghost barely misses you.
You closely miss bmack86's ghost. You bite bmack86's ghost.
You drain its power.
You feel invigorated.
Bmack86's ghost is lightly damaged.
Bmack86's ghost barely misses you.
You hit bmack86's ghost but do no damage.
You bite bmack86's ghost. You drain its power.
Bmack86's ghost is lightly damaged.
You block bmack86's ghost's attack.
You hit bmack86's ghost.
Bmack86's ghost is lightly damaged.
Bmack86's ghost hits you.
You hit bmack86's ghost but do no damage.
Your bite misses bmack86's ghost.
Bmack86's ghost is lightly damaged.
Bmack86's ghost hits you!
You hit bmack86's ghost but do no damage.
Bmack86's ghost is lightly damaged.
Bmack86's ghost hits you.
You barely miss bmack86's ghost.
Bmack86's ghost is lightly damaged.
Bmack86's ghost hits you!
You feel very mighty all of a sudden. Bmack86's ghost hits you!
You die...

#.......#.## ##.##.##.......#.##
####......# #.##.##.....#.#.##
##.####.## ##.................
####.#.####.###...####.#...#.#.#.
......#.####.......# #.##.##.#.##
......##.# ####....# #.......#...
.##.#.#.## ####'## ####....####
.##....## #.#.~.# ####.# #
.##.#.## #.#@W.# #.# ## .......#
#.#.~.# ##.###. .......#
#####.#.~.### ###.<.##.
.......###.....#.$.#.####.....##.
..#............#####......#......
..#..#.###...........####.###.##.
.......# #####...########.###.##.
.......# #...# #......)##.
.....#.# #...# #.#.##..###


You could see bmack86's ghost.

Vanquished Creatures
  A hound (D:4)
  A gnoll (D:2)
  3 adders
  2 worms
  4 dart slugs
  An orc (D:4)
  5 bats
  8 endoplasms
  2 giant cockroaches
  6 goblins
  7 hobgoblins
  6 jackals
  7 quokkas
  6 ball pythons
  4 frilled lizards
  6 kobolds
  10 rats
79 creatures vanquished.

Notes
Turn   | Place    | Note
-------+----------+-------------------------------------------
     0 | D:1      | greasedhog the Vine Stalker Fighter began the quest for the
                  | Orb.
     0 | D:1      | Reached XP level 1. HP: 11/11 MP: 2/2
    84 | D:1      | Reached skill level 1 in Stealth
    93 | D:1      | Reached XP level 2. HP: 16/16 MP: 3/3
   269 | D:1      | Reached XP level 3. HP: 20/20 MP: 4/4
   893 | D:1      | Found Pydicigo's Distillery.
   896 | D:1      | Bought a potion of curing for 30 gold pieces
  1257 | D:2      | Gained mutation: Your natural rate of healing is unusually
                  | fast. [Vine Stalker growth]
  1257 | D:2      | Reached XP level 4. HP: 23/24 MP: 5/5
  1404 | D:2      | Found a faded altar of an unknown god.
  1644 | D:3      | Identified the ring "Suqa" {rF- rN++ Int+6}
  2122 | D:3      | Found a runed translucent door.
  2123 | D:3      | Noticed FakeRyeBread's ghost (amateur GrEE)
  2365 | D:3      | Found a runed translucent door.
  2501 | D:4      | Reached XP level 5. HP: 26/28 MP: 6/6
  2829 | D:4      | Found a runed translucent door.
  2834 | D:4      | Noticed bmack86's ghost (amateur MiFi)
  3208 | D:4      | Slain by bmack86's ghost

Illustrated notes

Levels and vault maps discovered:
D:1:      sevenhm_arrival_forest_fort_small_1, layout_loops_ring, serial_shops,
          shop
D:2:      layout_basic, shapermc_ecumenical_altar_gd, kennysheep_potato
D:3:      layout_basic, ebering_ghost_sewer_f
D:4:      layout_loops_cross, ebering_ghost_reflecting_pool,
          minmay_increasing_density

Skill      XL: |  1  2  3  4 |
---------------+-------------+-----
Stealth        | 1 2 3 |  3.6
Short Blades   | 2 3 |  3.1
Fighting       | 3 |  3.8
Armour         | |  2.4
Shields        | |  2.6

Action                   |  1- 3 |  4- 6 || total
-------------------------+-------+-------++-------
Melee: Rapier            |   108 |   116 ||   224
       Bite              |    26 |    30 ||    56
  Use: Scroll            |     5 |     1 ||     6
       Potion            |       |     1 ||     1
 Stab: Sleeping          |     1 |     4 ||     5
Armor: Scale mail        |    25 |       ||    25
       Ring mail         |    11 |    33 ||    44
Dodge: Dodged            |    53 |    53 ||   106
Block: Buckler           |    25 |    26 ||    51

Table legend: (Time is in decaauts)
 A = Elapsed time spent in this place.
 B = Non-inter-level travel time spent in this place.
 C = Inter-level travel time spent in this place.
 D = Time resting spent in this place.
 E = Time spent auto-exploring this place.
 F = Levels seen in this place.
 G = Mean time per level.
                   A        B        C        D        E       F      G
               +--------+--------+--------+--------+--------+-----+--------+
         Total |   3241 |   3106 |    135 |    110 |   2378 |   4 |  810.2 |
       Dungeon |   3241 |   3106 |    135 |    110 |   2378 |   4 |  810.2 |
               +--------+--------+--------+--------+--------+-----+--------+

Top non-repeatable levels by time:
     D:1: 968 daAuts
     D:3: 830 daAuts
     D:4: 830 daAuts
     D:2: 611 daAuts
